 Dungeon Crawl Stone Soup version 0.28.0 (webtiles) character file.

Game seed: 316554791780419214

750 browni3141 the Skirmisher (level 7, -1/63 HPs)
             Began as a Minotaur Fighter on Feb 14, 2022.
             Slain by a steam dragon (4 damage)
             ... on level 4 of the Dungeon.
             The game lasted 00:02:06 (3612 turns).

browni3141 the Skirmisher (Minotaur Fighter)        Turns: 3612, Time: 00:02:07

Health: -1/63      AC:  8    Str: 21    XL:     7   Next: 48%
Magic:  6/6        EV:  9    Int:  5    God:
Gold:   141        SH:  5    Dex: 11    Spells: 6/6 levels left

rFire   . . .      SeeInvis .   a - +0 war axe
rCold   . . .      Faith    .   c - +0 buckler
rNeg    . . .      Spirit   .   b - +0 scale mail
rPois   .          Reflect  .   (helmet restricted)
rElec   .          Harm     .   i - +0 cloak
rCorr   .          Rampage  .   (no gloves)
Will    .....                   (no boots)
Stlth   ..........              (no amulet)
HPRegen 0.20/turn               (no ring)
MPRegen 0.10/turn               (no ring)

@: slowed, very slow
A: horns 2, retaliatory headbutt
a: no special abilities


You were on level 4 of the Dungeon.
You visited 1 branch of the dungeon, and saw 4 of its levels.
You also visited: Sewer.

You collected 141 gold pieces.

Inventory:

Hand Weapons
 a - a +0 war axe (weapon)
Armour
 b - a +0 scale mail (worn)
 c - a +0 buckler (worn)
 i - a +0 cloak (worn)
Jewellery
 g - a ring of flight
Wands
 v - a wand of iceblast (6)
Scrolls
 d - a scroll of fog {unknown}
 e - a scroll of noise {unknown}
 m - 3 scrolls of identify {unknown}
 n - a scroll of blinking {unknown}
 q - a scroll of brand weapon {unknown}
 r - a scroll of torment {unknown}
 s - a scroll of magic mapping {unknown}
 u - a scroll of summoning {unknown}
 w - a scroll of teleportation {unknown}
Potions
 f - a potion of magic {unknown}
 h - 2 potions of mutation {unknown}
 j - a potion of cancellation {unknown}
 k - a potion of ambrosia {unknown}
 l - a potion of resistance
 o - 2 potions of curing
 p - 3 potions of degeneration {unknown}
 t - 4 potions of heal wounds {unknown}


   Skills:
 + Level 6.1 Fighting
 + Level 5.5 Axes
 + Level 6.1 Armour
 + Level 6.1 Shields


You had 6 spell levels left.
You didn't know any spells.
Your spell library contained the following spells:

 Spells                   Type           Power      Damage    Failure   Level
 Ignite Poison            Fire/Tmut/Pois 0%         N/A       99%         3
 Mephitic Cloud           Conj/Pois/Air  0%         N/A       99%         3
 Ozocubu's Armour         Ice            0%         N/A       99%         3
 Stone Arrow              Conj/Erth      0%         3d7       99%         3
 Animate Armour           Summ/Erth      0%         N/A       100%        4
 Freezing Cloud           Conj/Ice/Air   0%         6-21      100%        5
 Ozocubu's Refrigeration  Ice            0%         4d5       100%        7
 Lehudib's Crystal Spear  Conj/Erth      0%         10d2      100%        8


Dungeon Overview and Level Annotations

Branches:
Dungeon (4/15)              Sewer (visited)
 Temple: D:4-7

Altars:


Innate Abilities, Weirdness & Mutations

You have a pair of horns on your head.
You reflexively headbutt those who attack you in melee.


Message History

The kobold brigand hits you with a +0 short sword.
* * * LOW HITPOINT WARNING * * *
You closely miss the kobold brigand.
The kobold brigand is severely wounded.
The kobold brigand hits you with a +0 short sword.
* * * LOW HITPOINT WARNING * * *
The kobold brigand barely misses you. You furiously retaliate!
You headbutt the kobold brigand.
The kobold brigand throws a curare-tipped dart.
The curare-tipped dart barely misses you.
The kobold brigand throws a curare-tipped dart.
The curare-tipped dart barely misses you.
Aiming: Iceblast
Press: ? - help, Shift-Dir - straight line, f - kobold brigand
Aim: a kobold brigand, wielding a +0 short sword and quivering curare-tipped darts (almost dead)
The mass of ice explodes!
The iceblast engulfs the kobold brigand!
You kill the kobold brigand!
The iceblast engulfs the steam dragon!
The steam dragon is moderately wounded.
Unknown command.
Unknown command.
Aiming: Iceblast
Press: ? - help, Shift-Dir - straight line The mass of ice explodes!
The iceblast engulfs the adder skeleton!
The adder skeleton partially resists.
The adder skeleton is heavily damaged.
The iceblast engulfs the steam dragon!
The steam dragon is heavily wounded.
The steam dragon breathes steam at you. The ball of steam hits you!
* * * LOW HITPOINT WARNING * * *
Unknown command.
Unknown command.
Unknown command.
Unknown command.
The steam dragon bites you but does no damage.
The steam dragon claws you.
You die...

...# #.#####
#.Z...# #.###.#
#.....Z.# #.###
...#..#####)..#
........|...#
###..#####ZD.# #..
#§@## #.# #§.#
#.## #§.# #>.#
#§§#
###.####..#####.§#
.........#.....§.#
#######.###.####.#
##.## ##.....#
#.## ##.####


You could see a steam dragon (catching breath) and an adder skeleton.

Vanquished Creatures
  Grinder (D:3)
  Sigmund (D:3)
  A kobold brigand (D:4)
  A scorpion (D:4)
  Crazy Yiuf (D:2)
  An iguana (D:3)
  Natasha (twice) (D:3)
  4 river rats (Sewer)
  6 adders
  3 dart slugs
  An orc (D:4)
  2 bats (D:1)
  3 endoplasms
  3 giant cockroaches
  9 goblins
  7 hobgoblins
  2 jackals (D:2)
  3 kobolds
  7 quokkas
  6 ball pythons
  4 frilled lizards (Sewer)
  A quokka skeleton (D:4)
  15 rats
84 creatures vanquished.

Notes
Turn   | Place    | Note
-------+----------+-------------------------------------------
     0 | D:1      | browni3141 the Minotaur Fighter began the quest for the
                  | Orb.
     0 | D:1      | Reached XP level 1. HP: 19/19 MP: 0/0
   314 | D:1      | Reached XP level 2. HP: 24/27 MP: 1/1
  1072 | D:2      | Found a runed translucent door.
  1073 | D:2      | Noticed Crazy Yiuf
  1084 | D:2      | Killed Crazy Yiuf
  1085 | D:2      | Reached XP level 3. HP: 13/33 MP: 2/2
  1093 | D:2      | HP: 1/33 [poisoned by Crazy Yiuf]
  1740 | D:2      | Reached XP level 4. HP: 38/40 MP: 3/3
  2023 | D:3      | Noticed Sigmund
  2029 | D:3      | Killed Sigmund
  2030 | D:3      | Reached skill level 5 in Fighting
  2030 | D:3      | Reached skill level 5 in Armour
  2030 | D:3      | Reached skill level 5 in Shields
  2030 | D:3      | Reached XP level 5. HP: 30/48 MP: 4/4
  2170 | D:3      | Found a faded altar of an unknown god.
  2181 | D:3      | Found Tamnait's Antique Weapon Shop.
  2226 | D:3      | Noticed Grinder
  2233 | D:3      | Reached XP level 6. HP: 55/56 MP: 5/5
  2237 | D:3      | Killed Grinder
  2282 | D:3      | Noticed Natasha
  2288 | D:3      | Killed Natasha
  2507 | D:3      | Noticed Natasha
  2514 | D:3      | Killed Natasha
  2515 | D:3      | Reached skill level 5 in Axes
  2515 | D:3      | Reached XP level 7. HP: 60/62 MP: 6/6
  2727 | D:4      | Found a glowing drain.
  2736 | Sewer    | Entered a sewer
  3596 | D:4      | Noticed a steam dragon
  3611 | D:4      | HP: 3/63 [steam dragon/ball of steam (12)]
  3612 | D:4      | Slain by a steam dragon

Illustrated notes

Levels and vault maps discovered:
D:1:      lightli_arrival_noodles, layout_loops_corners
D:2:      layout_loops_ring, uniq_crazy_yiuf_cottage
D:3:      layout_rooms, serial_shops, shop, basic_ecumenical_altar,
          uniq_sigmund, uniq_grinder, uniq_natasha
D:4:      layout_loops_ring, minmay_temple_entry_butterflies,
          gup_sewer_entry_bubbles, sigmund_army

Skill      XL: |  1  2  3  4  5  6  7 |
---------------+----------------------+-----
Shields        | 4 5 6 |  6.1
Fighting       | 4 5 6 |  6.1
Armour         | 4 5 6 |  6.1
Axes           | 3 4 5 |  5.5

Action                   |  1- 3 |  4- 6 |  7- 9 || total
-------------------------+-------+-------+-------++-------
Melee: War axe           |    65 |    57 |    77 ||   199
       Headbutt          |     6 |     8 |     7 ||    21
Evoke: Wand              |       |       |     2 ||     2
  Use: Potion            |       |     1 |       ||     1
Armor: Scale mail        |    31 |    31 |    38 ||   100
Dodge: Dodged            |    32 |    22 |    42 ||    96
Block: Buckler           |    13 |    11 |    23 ||    47
